 Dungeon Crawl Stone Soup version 0.30-a0-830-gfe289a77b0 (webtiles) character file.

Game seed: 8075098009897800500

30 retardedninja the Shield-Bearer (level 3, 0/35 HPs)
             Began as a Gnoll Fighter on Feb 27, 2023.
             Slain by Sigmund
             ... wielding a +0 scythe
              (6 damage)
             ... on level 2 of the Dungeon on Feb 28, 2023.
             The game lasted 00:01:16 (1248 turns).

retardedninja the Shield-Bearer (Gnoll Fighter)     Turns: 1248, Time: 00:01:17

Health: 0/35       AC:  7    Str: 17    XL:     3   Next: 20%
Magic:  4/4        EV:  9    Int:  7    God:
Gold:   45         SH:  0    Dex: 11    Spells: 3/3 levels left

rFire   . . .      SeeInvis .    a - +0 flail
rCold   . . .      Faith    .    c - +0 buckler
rNeg    . . .      Spirit   .    b - +0 scale mail
rPois   .          Reflect  .    (no helmet)
rElec   .          Harm     .    (no cloak)
rCorr   .          Rampage  .    (no gloves)
Will    .....                    (no boots) Stlth
                                 (no amulet)
HPRegen 0.25/turn                (no ring)
MPRegen 0.09/turn                (no ring)

@: confused, mighty, brilliant
A: fangs 1, strong nose, distributed training
a: no special abilities


You were on level 2 of the Dungeon.
You visited 1 branch of the dungeon, and saw 2 of its levels.

You collected 45 gold pieces.

Inventory:

Hand Weapons
 a - a +0 flail (weapon)
Armour
 b - a +0 scale mail (worn)
 c - a +0 buckler (worn)
Jewellery
 h - a ring of fire
Scrolls
 e - a scroll of poison {unknown}
 f - a scroll of immolation {unknown}
 g - a scroll of identify {unknown}


   Skills:
 + Level 6.5 Fighting
 + Level 0.7 Short Blades
 + Level 0.7 Long Blades
 + Level 0.7 Axes
 + Level 4.5 Maces & Flails
 + Level 0.7 Polearms
 + Level 0.7 Staves
 + Level 0.7 Ranged Weapons
 + Level 0.7 Throwing
 + Level 6.5 Armour
 + Level 0.7 Dodging
 + Level 0.7 Stealth
 + Level 6.5 Shields
 + Level 0.7 Unarmed Combat
 + Level 0.7 Spellcasting
 + Level 0.5 Conjurations
 + Level 0.5 Hexes
 + Level 0.5 Summonings
 + Level 0.5 Necromancy
 + Level 0.5 Translocations
 + Level 0.5 Transmutations
 + Level 0.5 Fire Magic
 + Level 0.5 Ice Magic
 + Level 0.5 Air Magic
 + Level 0.5 Earth Magic
 + Level 0.5 Poison Magic
 + Level 0.9 Invocations
 + Level 0.7 Evocations


You had 3 spell levels left.
You didn't know any spells.
Your spell library was empty.

Dungeon Overview and Level Annotations

Branches:
Dungeon (2/15)

Altars:

Shops:
D:1 (

Annotations:
D:2 Sigmund


Innate Abilities, Weirdness & Mutations

You have very sharp teeth.
Your uncanny sense of smell can sniff out nearby items.
Your experience applies equally to all skills.


Message History

There are monsters nearby!
You hit the endoplasm.
The endoplasm is moderately wounded.
The endoplasm freezes you.
You are frozen.
Sigmund casts a spell at you.
You are confused.
You bump into the rock wall.
The endoplasm barely misses you.
Sigmund casts a spell.
Sigmund flickers and vanishes!
Deactivating autopickup; reactivate with Ctrl-A.
The endoplasm hits you but does no damage.
You are too confused!
The kobold hits you but does no damage.
You hit the endoplasm.
The endoplasm is almost dead.
The endoplasm freezes you.
You are frozen.
The kobold hits you with a +0 dagger. Something hits you but does no damage.
You bump into the rock wall.
You feel less confused. The kobold hits you but does no damage.
The endoplasm barely misses you.
You sock the endoplasm!
You kill the endoplasm!
You hear some strange, mumbled words.
You are confused.
The kobold hits you but does no damage. Something hits you!
The kobold hits you but does no damage.
It was a potion of brilliance.
You feel clever all of a sudden. The kobold hits you but does no damage.
You feel very mighty all of a sudden. Something hits you.
* * * LOW HITPOINT WARNING * * *
The kobold closely misses you. The kobold closely misses you.
The kobold hits you with a +0 dagger.
* * * LOW HITPOINT WARNING * * *
Something hits you.
You die...

.. ##....... #.## # #..
#.. ...[. #)# #.
#..##.# #.#.# #.#
#.###.....###.#.# #.#
#.....##..##..#.# #.#
#............#.# #.#
#..#.#...##..#.###.#
####....K.............#
.......@..###...#######
.###...#..# #...#
#......# ###.# #####.##
#.# #.# #.# #.# ... #.#
... #.#


You could see a kobold.

Vanquished Creatures
  4 endoplasms
  A giant cockroach (D:1)
  4 goblins (D:1)
  4 jackals (D:1)
  6 kobolds (D:1)
  2 quokkas (D:1)
  4 bats (D:1)
  A rat (D:1)
26 creatures vanquished.

Notes
Turn   | Place    | Note
-------+----------+-------------------------------------------
     0 | D:1      | retardedninja the Gnoll Fighter began the quest for the
                  | Orb.
     0 | D:1      | Reached XP level 1. HP: 23/23 MP: 1/1
   124 | D:1      | Reached XP level 2. HP: 12/29 MP: 2/2
   306 | D:1      | Found Webocs's Weapon Emporium.
   593 | D:1      | Reached XP level 3. HP: 32/35 MP: 3/3
  1029 | D:1      | Upgraded the game from 0.30-a0-824-g6c64550be9 to
                  | 0.30-a0-830-gfe289a77b0
  1234 | D:2      | Noticed Sigmund
  1248 | D:2      | Slain by Sigmund

Illustrated notes

Levels and vault maps discovered:
D:1:      elethiomel_arrival_maze, layout_basic, serial_shops, shop
D:2:      layout_loops_cross, basic_altar, uniq_sigmund, uniq_terence

Action                     || total
---------------------------++-------
  Melee: Flail             ||    83
         Bite              ||     7
    Use: Potion            ||     2
 Armour: Scale mail        ||    45
  Dodge: Dodged            ||    38
  Block: Buckler           ||    19

Table legend: (Time is in decaauts)
 A = Elapsed time spent in this place.
 B = Non-inter-level travel time spent in this place.
 C = Inter-level travel time spent in this place.
 D = Time resting spent in this place.
 E = Time spent auto-exploring this place.
 F = Levels seen in this place.
 G = Mean time per level.
                   A        B        C        D        E       F      G
               +--------+--------+--------+--------+--------+-----+--------+
         Total |   1264 |   1246 |     18 |      0 |   1068 |   2 |  632.0 |
       Dungeon |   1264 |   1246 |     18 |      0 |   1068 |   2 |  632.0 |
               +--------+--------+--------+--------+--------+-----+--------+

Top non-repeatable levels by time:
     D:1: 1210 daAuts
     D:2: 54 daAuts
